 Dungeon Crawl Stone Soup version 0.24-a0-537-g2d01d4ab0a (webtiles) character file.

Game seed: 7604767406959538714

25 Mithandil the Skirmisher (level 2, -1/24 HPs)
             Began as a Demonspawn Abyssal Knight on Aug 14, 2019.
             Was a Believer of Lugonu.
             Slain by an adder (3 damage)
             ... on level 2 of the Dungeon.
             The game lasted 00:07:02 (965 turns).

Mithandil the Skirmisher (Demonspawn Abyssal Knight) Turns: 965, Time: 00:07:02

Health: -1/24      AC:  3    Str: 12    XL:     2   Next: 82%
Magic:  4/4        EV:  8    Int: 13    God:    Lugonu [**....]
Gold:   57         SH:  6    Dex: 12    Spells: 1/1 levels left

rFire    . . .     SeeInvis .   a - +1 falchion
rCold    . . .     Gourm    .   h - +0 shield
rNeg     . . .     Faith    .   j - +0 leather armour
rPois    .         Spirit   .   (helmet restricted)
rElec    .         Reflect  .   (no cloak)
rCorr    .         Harm     .   (no gloves)
MR       .....                  (no boots)
Stlth    +.........             (no amulet)
HPRegen  0.08/turn              (no ring)
MPRegen  0.09/turn              (no ring)

@: lethally poisoned (-1 -> -6)
A: antennae 1
a: Depart the Abyss, Bend Space, Renounce Religion


You were on level 2 of the Dungeon.
You worshipped Lugonu.
Lugonu was pleased with you.
You were not hungry.

You visited 1 branch of the dungeon, and saw 2 of its levels.
You visited the Abyss 1 time.

You collected 57 gold pieces.

Inventory:

Hand Weapons
 a - a +1 falchion (weapon)
 b - a +0 short sword
 e - a +0 club
Missiles
 d - 102 stones (quivered)
 i - 16 bolts
 k - 8 javelins
Armour
 h - a +0 shield (worn)
 j - a +0 leather armour (worn)
Scrolls
 o - a scroll of magic mapping
Potions
 g - a potion of curing
Comestibles
 c - 5 rations


   Skills:
 + Level 3.1 Fighting
 * Level 0.4(1.3) Short Blades
 * Level 2.1(2.2) Long Blades
 + Level 2.0 Armour
 + Level 1.1 Dodging
 + Level 0.5 Stealth
 * Level 0.0 Shields
 + Level 0.4 Unarmed Combat
 + Level 2.7 Invocations


You had one spell level left.
You didn't know any spells.
Your spell library was empty.

Dungeon Overview and Level Annotations

Branches:
Dungeon (2/15)

Altars:


Innate Abilities, Weirdness & Mutations

You have a pair of small antennae on your head.


Message History

You hit the rat.
You kill the rat!
Lugonu accepts your kill. You block the adder's attack.
You hit the adder.
The adder is moderately wounded.
You feel sick. The adder bites you.
You are more poisoned.
The adder poisons you! The adder bites you.
You hit the adder.
The adder is heavily wounded.
The adder bites you.
* * * LOW HITPOINT WARNING * * *
The adder bites you.
* * * LOW HITPOINT WARNING * * *
You barely miss the adder.
The adder is heavily wounded.
* * * LOW HITPOINT WARNING * * *
You feel sick. The adder bites you.
You die...

......# #...# ......#
.. #.### ......# #.
#.# ......# #.. #.#
......# #.. #.#
......# #?.## #.#
.###### ...###.# ..##
#S.##.# #..# #@##.#
##.### #.##.# ##...#
#.##.# ####.## #..#.#
####..###### ##.#.#
#....<.....# #.#.#
#.....[....# #...#
#...........^.#..#...#
#############....#.#.#


You could see an adder.

Vanquished Creatures
  A dart slug (D:1)
  A ball python (D:1)
  4 bats
  5 hobgoblins
  2 jackals (D:2)
  3 kobolds (D:1)
  2 frilled lizards (D:1)
  4 rats
22 creatures vanquished.

Notes
Turn   | Place    | Note
-------+----------+-------------------------------------------
     0 | Abyss:1  | Mithandil the Demonspawn Abyssal Knight began the quest for
                  | the Orb.
     0 | Abyss:1  | Reached XP level 1. HP: 18/18 MP: 2/2
    14 | D:1      | Escaped the Abyss
   171 | D:1      | Reached skill level 1 in Dodging
   181 | D:1      | Gained mutation: You have a pair of small antennae on your
                  | head. [demonic ancestry]
   181 | D:1      | Reached XP level 2. HP: 24/24 MP: 3/3
   570 | D:2      | Reached ** piety under Lugonu
   965 | D:2      | Slain by an adder

Levels and vault maps discovered:
D:1:      dpeg_arrival_castle, layout_basic, lemuel_old_faithful
D:2:      layout_rooms

Skill      XL: |  1  2 |
---------------+-------+-----
Dodging        | 1 |  1.1
Long Blades    | 2 |  2.1
Armour         | 2 |  2.0
Fighting       | |  3.1
Short Blades   | |  0.4
Stealth        | |  0.5
Unarmed Combat | |  0.4
Invocations    | |  2.7

Action                   || total
-------------------------++-------
Melee: Falchion          ||    62
  Use: Potion            ||     4
       Scroll            ||     2
Armor: Leather armour    ||    18
Dodge: Dodged            ||    27
Block: Shield            ||     3
       Rpst.: Falchion   ||    11

Table legend:
 A = Non-vault XP
 B = Vault XP
 C = Vault XP percentage of total XP
 D = Non-vault monster count
 E = Vault monster count
 F = Vault count percentage of total count
                 A         B        C        D         E       F
            +---------+---------+-------+---------+---------+-------
      Total |      36 |       0 |   0.0 |      22 |       0 |   0.0
            +---------+---------+-------+---------+---------+-------
        D:1 |      27 |       0 |   0.0 |      17 |       0 |   0.0
        D:2 |       9 |       0 |   0.0 |       5 |       0 |   0.0
            +---------+---------+-------+---------+---------+-------
